 Dungeon Crawl Stone Soup version 0.21.1-1-g345015f (webtiles) character file.

68 inc the Conjurer (level 4, 18/18 HPs)
             Began as a Felid Conjurer on Feb 20, 2018.
             Was an Initiate of Dithmenos.
             Quit the game on level 4 of the Dungeon.
             The game lasted 00:11:48 (4489 turns).

inc the Conjurer (Felid Conjurer)                   Turns: 4489, Time: 00:11:49

Health: 18/18      AC:  1    Str:  4    XL:     4   Next: 1%
Magic:  9/9        EV: 18    Int: 17    God:    Dithmenos [......]
Gold:   129        SH:  0    Dex: 17    Spells: 6/9 levels left
                                        Lives:  0   Deaths: 1

rFire    . . .     SeeInvis +   (weapon unavailable)
rCold    . . .     Gourm    .   (shield unavailable)
rNeg     . . .     Faith    .   (armour unavailable)
rPois    .         Spirit   .   (helmet unavailable)
rElec    .         Reflect  .   (cloak unavailable)
rCorr    .         Harm     .   (gloves unavailable)
MR       .....                  (boots unavailable)
Stlth    +++.......             (no amulet)
HPRegen  0.06/turn              (no ring)
MPRegen  0.11/turn              (no ring)

@: quick
A: very small, no armour, no weapons or thrown items, stealth, claws 1, fangs 3,
see invisible, carnivore, speed 1, shaggy fur 1, slow metabolism 1, sharp paws
a: Renounce Religion


You were on level 4 of the Dungeon.
You worshipped Dithmenos.
Dithmenos was noncommittal.
You were not hungry.

You visited 2 branches of the dungeon, and saw 5 of its levels.

You collected 129 gold pieces.

Inventory:

Wands
 q - a wand of paralysis (22)
Scrolls
 c - 2 scrolls of identify
 d - a scroll of magic mapping {unknown}
 f - 2 scrolls of fog {unknown}
 g - a scroll of remove curse {unknown}
 h - 2 scrolls of teleportation {unknown}
 i - a scroll of blinking {unknown}
 j - a scroll of amnesia {unknown}
 n - a scroll of random uselessness {unknown}
 o - a scroll of enchant weapon {unknown}
Potions
 e - a potion of flight
 k - a potion of experience {unknown}
 l - 2 potions of curing {unknown}
 m - a potion of ambrosia {unknown}
 p - a potion of invisibility {unknown}
Books
 a - a book of Conjurations

   Spells                             Type                      Level
   a - Magic Dart                     Conjuration                  1
   b - Searing Ray                    Conjuration                  2
   c - Dazzling Spray                 Conjuration/Hexes            3
   d - Fulminant Prism                Conjuration/Hexes            4
   e - Force Lance                    Conjuration/Translocation    4
   f - Iskenderun's Mystic Blast      Conjuration                  4
Comestibles
 b - 7 rations


   Skills:
 - Level 0.1 Fighting
 - Level 3.1 Dodging
 - Level 3.4 Stealth
 - Level 0.8 Unarmed Combat
 - Level 3.2 Spellcasting
 + Level 4.6 Conjurations


You had 6 spell levels left.
You knew the following spells:

 Your Spells              Type           Power        Failure   Level  Hunger
a - Magic Dart            Conj           ###.         2%          1    None
b - Searing Ray           Conj           ###...       3%          2    ##.....


Dungeon Overview and Level Annotations

Branches:
Dungeon (4/15)             Temple (1/1) D:4

Altars:
Ashenzari
Cheibriados
Dithmenos
Fedhas
Gozag
Hepliaklqana
Kikubaaqudgha
Makhleb
Nemelex Xobeh
Qazlal
Ru
Trog
Uskayaw
Xom
Yredelemnul
Zin
The Shining One

Annotations:
D:3 Terence


Innate Abilities, Weirdness & Mutations

You cannot wear armour.
You are incapable of wielding weapons or throwing items.
Your paws allow you to move quietly. (Stealth)
You have sharp claws.
You have razor-sharp teeth.
You have supernaturally acute eyesight. (SInv)
You are carnivorous and can eat meat at any time.
You cover ground quickly.
You are covered in fur. (AC +1)
You have a slow metabolism.
Your sharp claws are effective at attacking unaware monsters.


Message History

Aiming: Magic Dart
Press: ? - help, Shift-Dir - straight line, f/p - centaur
Aim: a centaur (severely wounded)
The magic dart hits the centaur.
The centaur is severely wounded.
The centaur hits you!
Casting: Magic Dart
Confirm with . or Enter, or press ? or * to list all spells.
Aiming: Magic Dart
Press: ? - help, Shift-Dir - straight line, f/p - centaur
Aim: a centaur (severely wounded)
The magic dart hits the centaur.
The centaur is severely wounded.
The centaur hits you!
* * * LOW HITPOINT WARNING * * *
The centaur hits you!
You die...
You are now level 4!
You rejoin the land of the living...
Are you sure you want to abandon this character and quit the game? (Confirm with "yes".)

########## #........#
#........# +........#
#........# #.@......#
########## #### ####
#####..###..#
#.##.##.##.#####
#.#_#.##.##.#..########
#.####.##.##.#........#
#..##..###..##........#


There were no monsters in sight!

Vanquished Creatures
  A hound skeleton (D:4)
  2 adders
  A shadow imp (D:3)
  An ooze (D:2)
  2 worms
  4 dart slugs
  A leopard gecko (D:1)
  2 orcs
  A ball python (D:1)
  5 giant cockroaches
  7 goblins
  2 hobgoblins
  9 jackals
  11 kobolds
  2 quokkas (D:3)
  12 bats
  6 frilled lizards
  9 rats
78 creatures vanquished.

Notes
Turn   | Place    | Note
-------+----------+-------------------------------------------
     0 | D:1      | inc the Felid Conjurer began the quest for the Orb.
     0 | D:1      | Reached XP level 1. HP: 7/7 MP: 4/4
   363 | D:1      | Reached XP level 2. HP: 11/11 MP: 3/6
   397 | D:1      | Reached skill level 4 in Conjurations
   438 | D:1      | Found a sparkling altar of Nemelex Xobeh.
  1147 | D:2      | Reached XP level 3. HP: 14/14 MP: 4/7
  1309 | D:2      | Learned a level 2 spell: Searing Ray
  2300 | D:2      | Reached XP level 4. HP: 18/18 MP: 4/9
  2787 | D:3      | Found an ancient bone altar of Kikubaaqudgha.
  3441 | D:3      | Noticed Terence
  4025 | D:4      | Found a shadowy altar of Dithmenos.
  4116 | D:4      | Reached XP level 5. HP: 21/21 MP: 7/10
  4149 | D:4      | Found a staircase to the Ecumenical Temple.
  4158 | Temple   | Entered the Ecumenical Temple
  4432 | D:4      | Became a worshipper of Dithmenos the Shadowed
  4468 | D:4      | Noticed a centaur
  4488 | D:4      | Slain by a centaur
  4489 | D:4      | Reached XP level 4. HP: -4/18 MP: 5/9
  4489 | D:4      | Quit the game

Skill      XL: |  1  2  3  4 |
---------------+-------------+-----
Conjurations   | 4 |  4.6
Stealth        | 3 |  3.4
Dodging        | 3 |  3.1
Spellcasting   | 3 |  3.2
Fighting       | |  0.1
Unarmed Combat | |  0.8

Action                   |  1- 3 |  4- 6 || total
-------------------------+-------+-------++-------
Melee: Unarmed           |    24 |     9 ||    33
       Bite              |     2 |       ||     2
 Cast: Magic Dart        |    70 |    65 ||   135
       Searing Ray       |     7 |     4 ||    11
  Use: Scroll            |     1 |       ||     1
 Stab: Sleeping          |     1 |     3 ||     4
  Eat: Chunk             |     8 |     3 ||    11
Armor: Skin              |     2 |     3 ||     5
Dodge: Dodged            |    44 |    32 ||    76
